 Dungeon Crawl Stone Soup version 0.27-a0-1065-ge809cff456 (webtiles) character file.

Game seed: 947059391456269108

193082 tardwrangler69 the Peltast (level 18, -2/124 HPs)
             Began as an Octopode Earth Elementalist on Apr 23, 2021.
             Was the Champion of Vehumet.
             Slain by a hornet (11 damage)
             ... on level 4 of the Spider Nest.
             The game lasted 01:22:52 (44641 turns).

tardwrangler69 the Peltast (OpEE)                  Turns: 44641, Time: 01:22:52

Health: -2/124     AC: 10    Str:  7    XL:     18   Next: 70%
Magic:  32/32      EV: 11    Int: 44    God:    Vehumet [******]
Gold:   1339       SH:  0    Dex: 20    Spells: 8/37 levels left

rFire    + + +     SeeInvis +   I - +3 Elemental Staff {rElec rF++ rC++ Will++ AC+5}
rCold    + + .     Faith    .   h - +2 kite shield {rF+}
rNeg     . . .     Spirit   .   (helmet restricted)
rPois    .         Reflect  +   t - amulet of reflection
rElec    +         Harm     .   U - ring of wizardry
rCorr    .         Rampage  .   e - ring of willpower
Will     +++++                  C - +4 ring of protection
Stlth    +++.......             D - ring "Aneph" {Drain rF++ Will+ Dex+2 SInv}
HPRegen  0.30/turn              A - +6 ring of intelligence
MPRegen  0.23/turn              B - +6 ring of dexterity
                                H - +6 ring of intelligence
                                J - +6 ring of intelligence

@: held
A: almost no armour, amphibious, 8 rings, camouflage 1, gelatinous body 1,
(nimble swimmer 1), tentacles
a: Renounce Religion


You were on level 4 of the Spider Nest.
You worshipped Vehumet.
Vehumet was exalted by your worship.
You visited 5 branches of the dungeon, and saw 28 of its levels.
You also visited: Ossuary and Bailey.

You collected 3791 gold pieces.
You spent 2452 gold pieces at shops.

Inventory:

Hand Weapons
 I - the +3 Elemental Staff (weapon) {rElec rF++ rC++ Will++ AC+5}
   (You bought it in a shop on level 2 of the Orcish Mines)

   It affects your AC (+5).
   It greatly protects you from fire.
   It greatly protects you from cold.
   It insulates you from electricity.
   It greatly increases your willpower.
Missiles
 b - 451 stones
Armour
 h - a +2 kite shield of fire resistance (worn)
Jewellery
 a - a +6 ring of dexterity
 e - a ring of willpower (right tentacle)
 j - a ring of protection from cold
 p - a ring of protection from fire
 t - an amulet of reflection (around mantle)
 A - a +6 ring of intelligence (on tentacle)
 B - a +6 ring of dexterity (on tentacle)
 C - a +4 ring of protection (on tentacle)
 D - the ring "Aneph" (on tentacle) {Drain rF++ Will+ Dex+2 SInv}
   (You acquired it on level 12 of the Dungeon)

   [ring of see invisible]

   It affects your dexterity (+2).
   It greatly protects you from fire.
   It lets you see invisible.
   It drains your maximum health when unequipped.
   It increases your willpower.
 F - a ring of resist corrosion
 H - a +6 ring of intelligence (on tentacle)
 J - a +6 ring of intelligence (on tentacle)
 U - a ring of wizardry (left tentacle)
Wands
 T - a wand of acid (8)
 V - a wand of digging (4)
Scrolls
 i - 3 scrolls of blinking
 k - 6 scrolls of fear
 l - 5 scrolls of enchant armour
 m - 4 scrolls of immolation
 r - 4 scrolls of silence
 s - 4 scrolls of magic mapping
 x - 2 scrolls of vulnerability
 y - a scroll of holy word
 E - 4 scrolls of enchant weapon
 L - 2 scrolls of fog
 N - 11 scrolls of teleportation
 O - 7 scrolls of identify
 Y - 2 scrolls of amnesia
Potions
 c - 2 potions of attraction
 f - 8 potions of heal wounds
 g - 2 potions of haste
 n - 2 potions of berserk rage
 o - 19 potions of curing
 q - 3 potions of resistance
 u - 2 potions of invisibility
 v - 3 potions of might
 w - 5 potions of brilliance
 z - 11 potions of ambrosia
 G - 3 potions of flight
 M - 5 potions of lignification
 Q - 2 potions of mutation
 Z - a potion of magic


   Skills:
 - Level 11.0 Fighting
 - Level 11.0 Dodging
 - Level 2.6 Stealth
 - Level 15.0 Shields
 - Level 10.0 Spellcasting
 - Level 6.0 Conjurations
 - Level 1.0 Transmutations
 - Level 14.3 Fire Magic
 + Level 14.7 Earth Magic
 - Level 8.0 Poison Magic


You had 8 spell levels left.
You knew the following spells:

 Your Spells              Type           Power      Damage    Failure   Level
a - Sandblast             Erth           100%       2d20      0%          1
b - Stone Arrow           Conj/Erth      100%       3d13      1%          3
c - Lee's Rapid Deconstr  Erth           61%        3d29*     1%          5
d - Ignition              Fire           61%        3d16      3%          8
e - Olgreb's Toxic Radia  Pois           75%        N/A       1%          4
f - Ignite Poison         Fire/Tmut/Pois 94%        N/A       1%          3
g - Bolt of Magma         Conj/Fire/Erth 68%        4d26      1%          5

Your spell library contained the following spells:

 Spells                   Type           Power      Damage    Failure   Level
 Chain Lightning          Conj/Air       32%        N/A       88%         8
 Animate Skeleton         Necr           44%        N/A       1%          1
 Apportation              Tloc           44%        N/A       1%          1
 Beastly Appendage        Tmut           60%        N/A       1%          1
 Corona                   Hex            24%        N/A       1%          1
 Magic Dart               Conj           100%       1d8       1%          1
 Pain                     Necr           88%        1d8       1%          1
 Shock                    Conj/Air       100%       1d9       1%          1
 Sting                    Tmut/Pois      100%       1d8       1%          1
 Summon Small Mammal      Summ           88%        N/A       1%          1
 Passwall                 Tmut/Erth      79%        N/A       1%          2
 Poisonous Vapours        Pois/Air       100%       N/A       1%          2
 Searing Ray              Conj           100%       3d7       1%          2
 Static Discharge         Conj/Air       64%        N/A       1%          2
 Wereblood                Tmut           30%        N/A       1%          2
 Confusing Touch          Hex            22%        N/A       1%          3
 Dazzling Flash           Conj/Hex       96%        N/A       1%          3
 Gell's Gravitas          Tloc           11%        N/A       1%          3
 Mephitic Cloud           Conj/Pois/Air  76%        N/A       1%          3
 Spider Form              Tmut/Pois      28%        N/A       1%          3
 Swiftness                Air            33%        N/A       1%          3
 Vampiric Draining        Necr           11%        2d7       1%          3
 Airstrike                Air            16%        N/A       1%          4
 Fulminant Prism          Conj/Hex       24%        3d13      1%          4
 Iskenderun's Mystic Bla  Conj/Tloc      48%        2d11      1%          4
 Leda's Liquefaction      Hex/Erth       46%        N/A       1%          4
 Petrify                  Tmut/Erth      95%        N/A       1%          4
 Fireball                 Conj/Fire      52%        3d20      1%          5
 Lightning Bolt           Conj/Air       32%        1d49      1%          5
 Iron Shot                Conj/Erth      53%        9d10      1%          6
 Starburst                Conj/Fire      52%        8x6d14    1%          6
 Yara's Violent Unravell  Hex/Tmut       13%        3d7       3%          5
 Ice Form                 Ice/Tmut       39%        N/A       4%          4
 Animate Dead             Necr           11%        N/A       5%          4
 Summon Lightning Spire   Summ/Air       33%        N/A       5%          4
 Conjure Ball Lightning   Conj/Air       32%        3x3d10    7%          6
 Hydra Form               Tmut           15%        N/A       10%         5
 Agony                    Necr           22%        N/A       16%         5
 Metabolic Englaciation   Hex/Ice        16%        N/A       16%         5
 Silence                  Hex/Air        16%        N/A       16%         5
 Shatter                  Erth           61%        3d46*     30%         9
 Tornado                  Air            16%        N/A       100%        9


Dungeon Overview and Level Annotations

Branches:
Dungeon (15/15)            Temple (0/1) D:4            Lair (6/6) D:10
 Shoals (1/4) Lair:3       Spider (4/4) Lair:4        Slime (0/5) Lair:6
    Orc (2/2) D:12            Elf (0/3) Orc:2        Vaults (0/5) D:14
 Depths (0/5) D:15        Ossuary (visited)          Bailey (visited)

Altars:
Dithmenos
Gozag
Makhleb
Qazlal
Sif Muna
Trog
Vehumet
Xom
Yredelemnul
Zin

Shops:
D:12 *   D:14 *   D:15 [   Orc:1 =   Orc:2 (?(*=

Portals:
Pandemonium: Orc:2

Annotations:
D:13 Frances
D:15 2 transporters, Fudaum's ghost, journeyman DrCj
Spider:2 exclusion: demonic crawler, Arachne; Donald


Innate Abilities, Weirdness & Mutations

You cannot wear most types of armour.
You are amphibious.
You can wear up to eight rings at the same time.
Your skin changes colour to match your surroundings (Stealth+).
Your rubbery body absorbs attacks. (AC +1, EV +1)
((You are camouflaged near water. (Stealth+)))
You have tentacles for arms and can constrict up to eight enemies at once.


Message History

You kill the hornet!
Vehumet accepts your kill.
You feel your power returning.
You hear an angry buzzing noise.
The hornet evades a web.
The hornet is caught in a web!
The emperor scorpion evades a web.
The hornet struggles to get unstuck from the web.
The emperor scorpion stings you!!
You block the emperor scorpion's attack. x2
The hornet struggles to get unstuck from the web.
The hornet struggles to get unstuck from the web. x2
The hornet struggles to get unstuck from the web.
You see here an electric eel corpse.
You block the emperor scorpion's attack.
The emperor scorpion claws you.
The emperor scorpion closely misses you.
You are caught in the web!
There is a web here.
You struggle to detach yourself from the web.
The emperor scorpion barely misses you. The emperor scorpion claws you!
The emperor scorpion claws you.
You struggle to detach yourself from the web.
The emperor scorpion stings you!
You are poisoned.
The emperor scorpion poisons you! The emperor scorpion claws you!
The emperor scorpion misses you.
The emperor scorpion stings you but does no damage.
The emperor scorpion claws you! The emperor scorpion claws you.
Okay, then.
Unknown command.
You feel better. The emperor scorpion stings you!!
The emperor scorpion claws you!
* * * LOW HITPOINT WARNING * * *
The emperor scorpion claws you!
* * * LOW HITPOINT WARNING * * *
The emperor scorpion stings you!
* * * LOW HITPOINT WARNING * * *
The emperor scorpion claws you but does no damage. x2
The hornet stings you!
You die...

#'''#### ##### #'''#
##≈≈≈### #^^^##
##....≈≈## ≈..†≈##
#≈.......##
##..^≈####....#≈..≈##
##≈...≈##≈...###...^#
≈^^.†.≈#≈.†### #...##
...≈.....≈≈#####≈..≈#
≈≈≈##.≈≈.###^.##@.^≈#
###########.≈≈≈ssy.##
### #####.≈≈≈..###
+.^. ... #..#†.≈#
#... .y ####≈.^#
..##^ ##≈.≈## #y'#
##≈^≈## #^y## #≈..≈#
####^.s# ##≈..≈#


You could see 2 emperor scorpions and a hornet.

Vanquished Creatures
  Nikola (Spider:3)
  Rupert (D:14)
  Kirke (Spider:2)
  3 ghost moths
  An orc warlord (Orc:2)
  Aizul (Spider:2)
  An emperor scorpion (Spider:3)
  A stone giant (D:15)
  Nessos (D:14)
  2 entropy weavers
  A spark wasp (Spider:3)
  Snorg (D:11)
  3 merfolk impalers (Shoals:1)
  Erolcha (D:13)
  2 boulder beetles
  2 merfolk avatars
  17 hydras
  3 centaur warriors
  An ogre mage (D:14)
  A death knight (D:13)
  4 two-headed ogres
  6 death yaks (Lair:5)
  6 orc high priests (Orc:2)
  3 tengu warriors
  Nergalle (D:11)
  2 infernal demonspawn (Orc:2)
  A torturous demonspawn (Orc:2)
  2 sea snakes (Shoals:1)
  A phantasmal warrior (D:13)
  2 harpies (Shoals:1)
  5 orc knights
  4 deep elf pyromancers
  A necromancer (Lair:2)
  26 orb spiders
  40 wolf spiders
  6 ugly things
  7 orc sorcerers (Orc:2)
  4 manticores
  3 cyclopes (D:14)
  2 merfolk sirens
  A water nymph (Shoals:1)
  A rust devil (Orc:2)
  27 elephants
  2 moths of wrath
  4 black mambas
  3 torpor snails
  10 cane toads
  2 gargoyles
  A kobold demonologist (D:12)
  11 rime drakes
  An unseen horror (D:12)
  An efreet (D:13)
  3 freezing wraiths (D:13)
  2 hellwings (Orc:2)
  6 komodo dragons
  19 demonic crawlers
  A tengu conjurer (D:13)
  A queen bee (Spider:1)
  3 trolls
  3 meliai (Spider:1)
  4 polar bears (Lair:6)
  46 jumping spiders
  Grinder (D:3)
  11 merfolk
  Prince Ribbit (D:9)
  11 hornets
  6 blink frogs
  8 slime creatures
  3 wind drakes (Lair:6)
  6 dream sheep (Lair:5)
  A centaur simulacrum (D:15)
  3 snapping turtles (Shoals:1)
  61 redbacks
  3 wraiths
  A shadow (D:11)
  14 tarantellas
  7 wyverns
  13 yaks
  6 hogs (Spider:2)
  3 basilisks
  A vampire (D:13)
  A neqoxec (Orc:2)
  6 wargs
  25 water moccasins
  2 acid dragons
  An ice beast (D:5)
  33 orc warriors
  4 black bears
  2 sky beasts
  6 necrophages
  6 ogres
  16 centaurs
  25 wolves
  A phantom (D:6)
  A kobold brigand (D:9)
  2 scorpions (D:10)
  12 bullfrogs
  A wyvern zombie (D:8)
  A water moccasin skeleton (D:5)
  21 killer bees (Spider:1)
  7 wights
  2 vampire bats (Lair:6)
  9 electric eels
  7 howler monkeys
  5 crimson imps (D:3)
  3 centaur zombies
  A bullfrog zombie (D:7)
  A bullfrog skeleton (D:6)
  6 jellies
  A centaur skeleton (D:4)
  2 gnoll shamans
  20 orc priests
  2 hounds
  Terence (D:2)
  Jessica (D:3)
  5 iguanas
  Ijyb (D:5)
  11 orc wizards
  A yak simulacrum (Lair:2)
  2 polar bear simulacra (Lair:2)
  2 wolf simulacra (Lair:2)
  2 killer bee zombies
  A hound zombie (D:5)
  A hound skeleton (D:4)
  6 mummies
  A howler monkey zombie (D:10)
  12 gnolls
  12 adders
  A shadow imp (D:6)
  2 white imps
  An adder skeleton (D:4)
  A worm (D:4)
  A dart slug (D:5)
  53 orcs
  6 endoplasms
  2 giant cockroaches (D:1)
  11 goblins
  6 hobgoblins
  9 jackals
  19 kobolds
  9 ball pythons
  8 bats
  6 frilled lizards
  A gnoll zombie (Ossuary)
  3 goblin zombies
  2 hobgoblin zombies (Ossuary)
  A kobold zombie (Ossuary)
  2 orc zombies
  8 rats
  6 river rat simulacra (Lair:2)
932 creatures vanquished.

Vanquished Creatures (collateral kills)
  A yak (Lair:1)
1 creature vanquished.

Vanquished Creatures (others)
  91 fungi
  138 plants
229 creatures vanquished.

Grand Total: 1162 creatures vanquished

Notes
Turn   | Place    | Note
-------+----------+-------------------------------------------
     0 | D:1      | tardwrangler69 the Octopode Earth Elementalist began the
                  | quest for the Orb.
     0 | D:1      | Reached XP level 1. HP: 11/11 MP: 3/3
   299 | D:1      | Reached XP level 2. HP: 17/17 MP: 5/5
  1222 | D:2      | Found a faded altar of an unknown god.
  1237 | D:2      | Noticed Terence
  1303 | D:2      | Reached XP level 3. HP: 21/21 MP: 4/6
  1839 | D:2      | Reached XP level 4. HP: 22/27 MP: 6/8
  2100 | D:3      | Learned a level 3 spell: Stone Arrow
  2178 | D:3      | Noticed Grinder
  2249 | D:3      | Found a shimmering altar of Xom.
  2258 | D:3      | Noticed Jessica
  2262 | D:3      | Killed Jessica
  2299 | D:3      | Reached skill level 5 in Earth Magic
  2299 | D:3      | Reached XP level 5. HP: 31/31 MP: 6/9
  2493 | D:3      | Found a basalt altar of Yredelemnul.
  2553 | D:3      | Found a glowing silver altar of Zin.
  2553 | D:3      | Found a shadowy altar of Dithmenos.
  2720 | D:3      | Found a burning altar of Makhleb.
  2721 | D:3      | Found a radiant altar of Vehumet.
  2737 | D:3      | Became a worshipper of Vehumet
  2786 | D:3      | Reached XP level 6. HP: 36/36 MP: 5/11
  2839 | D:3      | Found a stormy altar of Qazlal.
  3637 | D:4      | Reached skill level 1 in Conjurations
  3650 | D:4      | Found a sand-covered staircase.
  3704 | Ossuary  | Entered an ossuary
  3751 | Ossuary  | Reached XP level 7. HP: 38/41 MP: 5/13
  3759 | Ossuary  | Reached * piety under Vehumet
  3759 | Ossuary  | Offered knowledge of Freeze by Vehumet.
  4264 | D:4      | Found a staircase to the Ecumenical Temple.
  4892 | D:4      | Learned a level 5 spell: Lee's Rapid Deconstruction
  4897 | D:5      | Entered Level 5 of the Dungeon
  5030 | D:5      | Noticed Ijyb
  5035 | D:5      | Killed Ijyb
  5201 | D:5      | Reached XP level 8. HP: 37/46 MP: 3/14
  6080 | D:6      | Reached skill level 5 in Conjurations
  6177 | D:6      | Reached ** piety under Vehumet
  6178 | D:6      | Offered knowledge of Searing Ray by Vehumet.
  6364 | D:6      | Found an opulent altar of Gozag.
  6659 | D:6      | Reached XP level 9. HP: 51/51 MP: 15/15
  7814 | D:7      | Offered knowledge of Static Discharge by Vehumet.
  8147 | D:7      | Reached skill level 5 in Dodging
  8326 | D:7      | Noticed a hornet
  8328 | D:7      | Killed a hornet
  8905 | D:7      | Reached skill level 10 in Earth Magic
  9514 | D:8      | Reached XP level 10. HP: 56/56 MP: 11/17
  9565 | D:8      | Reached skill level 5 in Spellcasting
  9656 | D:8      | Reached *** piety under Vehumet
 11170 | D:9      | Noticed Prince Ribbit
 11177 | D:9      | Killed Prince Ribbit
 12113 | D:10     | Entered Level 10 of the Dungeon
 12113 | D:10     | Found a bloodstained altar of Trog.
 12287 | D:10     | Found a staircase to the Lair.
 12514 | D:10     | Offered knowledge of Conjure Flame by Vehumet.
 12608 | D:10     | Learned a level 6 spell: Starburst
 12671 | D:10     | Reached skill level 1 in Fire Magic
 12853 | D:10     | Reached XP level 11. HP: 61/61 MP: 11/21
 13298 | D:10     | Identified the +1 falchion of Busozaess {protect, Fly
                  | Str+6}
 13322 | D:11     | Noticed Nergalle
 13322 | D:11     | Noticed a red ugly thing
 13608 | D:11     | Killed a red ugly thing
 13814 | Lair:1   | Entered Level 1 of the Lair of Beasts
 13816 | Lair:1   | Noticed an eight-headed hydra
 13826 | D:10     | Learned a level 4 spell: Olgreb's Toxic Radiance
 13924 | Lair:1   | You fall into a shaft and drop 1 floor!
 13929 | Lair:2   | Reached skill level 1 in Poison Magic
 14117 | Lair:2   | Noticed a four-headed hydra
 14120 | Lair:2   | Killed a four-headed hydra
 14215 | Lair:1   | Killed an eight-headed hydra
 14329 | Lair:1   | Reached skill level 5 in Poison Magic
 14330 | Lair:1   | Reached skill level 10 in Dodging
 14330 | Lair:1   | Reached **** piety under Vehumet
 14465 | Lair:1   | Learned a level 3 spell: Ignite Poison
 14492 | Lair:1   | Noticed a seven-headed hydra
 14659 | Lair:1   | Offered knowledge of Airstrike by Vehumet.
 14849 | Lair:1   | Killed a seven-headed hydra
 15511 | Lair:1   | Reached skill level 1 in Fighting
 15511 | Lair:1   | Reached XP level 12. HP: 39/68 MP: 5/22
 15512 | Lair:1   | Reached skill level 5 in Fire Magic
 16911 | Lair:3   | Reached skill level 5 in Fighting
 17410 | Lair:3   | Reached ***** piety under Vehumet
 17410 | Lair:3   | Offered knowledge of Bolt of Magma by Vehumet.
 17590 | Lair:3   | Noticed a four-headed hydra
 17596 | Lair:3   | Killed a four-headed hydra
 17818 | Lair:3   | Found a staircase to the Shoals.
 17929 | Lair:3   | You fall into a shaft and drop 2 floors!
 17942 | Lair:4   | Identified the +7 falchion of Arbitration {drain, rN+ Str+4
                  | Dex-4 SInv}
 18026 | Lair:3   | You fall into a shaft and drop 2 floors!
 18096 | Lair:4   | Found a hole to the Spider Nest.
 18228 | Lair:3   | Reached XP level 13. HP: 86/86 MP: 15/23
 19843 | Lair:4   | Learned a level 5 spell: Bolt of Magma
 20186 | Lair:5   | Reached skill level 10 in Fire Magic
 21261 | Lair:6   | Entered Level 6 of the Lair of Beasts
 21266 | Lair:6   | Reached skill level 10 in Fighting
 21553 | Lair:6   | Reached XP level 14. HP: 99/99 MP: 16/25
 21672 | Lair:6   | Offered knowledge of Sticky Flame by Vehumet.
 22181 | Lair:6   | Found a staircase to the Slime Pits.
 23968 | Lair:6   | Found the +2 ratskin cloak {*Rats rPois rN+ Str-1 Int-1
                  | Dex+1}
 24055 | Lair:6   | Identified the +8 rapier of Puiluocs {freeze, Contam rN++
                  | Will+ rCorr}
 24067 | Lair:6   | Identified the +3 falchion "Titofaut" {freeze, Contam rF+++
                  | Dex+5}
 24068 | Lair:6   | Identified the +1 morningstar of Qiotzio {pain, rF+ Int+5}
 25318 | D:2      | Killed Terence
 25415 | D:3      | Killed Grinder
 26182 | D:11     | Noticed Snorg
 26221 | D:11     | Killed Snorg
 26597 | D:11     | Killed Nergalle
 27060 | D:12     | Found Qaif Dot's Assorted Antiques.
 27066 | D:12     | Bought a potion of heal wounds for 140 gold pieces
 27066 | D:12     | Bought a fuming black potion for 25 gold pieces
 27066 | D:12     | Bought a scroll of identify for 56 gold pieces
 27066 | D:12     | Bought a potion of might for 112 gold pieces
 27066 | D:12     | Bought a scroll of magic mapping for 98 gold pieces
 27069 | D:12     | Identified a scroll of acquirement
 27069 | D:12     | Acquired the ring "Aneph" {Drain rF++ Will+ Dex+2 SInv}
 27619 | D:12     | Found a staircase to the Orcish Mines.
 28479 | D:13     | Noticed Erolcha
 28490 | D:13     | Killed Erolcha
 29098 | D:13     | Reached skill level 1 in Shields
 29314 | D:13     | Noticed Frances
 29535 | D:12     | Reached skill level 6 in Shields
 29535 | D:12     | Reached XP level 15. HP: 106/106 MP: 27/27
 29569 | Orc:1    | Entered Level 1 of the Orcish Mines
 29569 | Orc:1    | Found Wegeloca's Jewellery Shoppe.
 29822 | Orc:1    | Reached XP level 16. HP: 105/112 MP: 9/28
 30287 | Orc:1    | You fall into a shaft and drop 1 floor!
 30287 | Orc:2    | Entered Level 2 of the Orcish Mines
 30373 | Orc:2    | Found Onniothru's Weapon Shoppe.
 30387 | Orc:2    | Bought the +3 Elemental Staff {rElec rF++ rC++ Will++ AC+5}
                  | for 1328 gold pieces
 30387 | Orc:2    | Found the +3 Elemental Staff {rElec rF++ rC++ Will++ AC+5}
 30562 | Orc:2    | Learned a level 8 spell: Ignition
 30669 | Orc:2    | Found a staircase to the Elven Halls.
 31184 | Orc:2    | Found Hobiqiec's Magic Scroll Shop.
 31187 | Orc:2    | Found Sochuz's General Store.
 31673 | Orc:2    | Bought a scroll of blinking for 105 gold pieces
 31675 | Orc:2    | Bought a scroll of teleportation for 48 gold pieces
 31675 | Orc:2    | Bought a scroll of blinking for 120 gold pieces
 31834 | Orc:2    | Offered knowledge of Orb of Destruction by Vehumet.
 31835 | Orc:2    | Reached skill level 7 in Shields
 33150 | Orc:2    | Reached skill level 8 in Shields
 33415 | Orc:2    | Reached skill level 9 in Shields
 33518 | Orc:2    | Found Ruafefur's Jewellery Emporium.
 33518 | Orc:2    | Found Uraperch's Antique Weapon Shoppe.
 33519 | Orc:2    | Found a one-way gate leading to the halls of Pandemonium.
 33744 | Orc:1    | Bought an amulet of reflection for 420 gold pieces
 33906 | D:13     | Found a shimmering blue altar of Sif Muna.
 33912 | D:13     | Got Sif Muna's Grimoire of Toxins
 33914 | D:13     | Got Sif Muna's Compendium of Weightlessness
 33916 | D:13     | Got Sif Muna's Compendium of Contamination
 34124 | D:14     | Noticed Rupert
 34126 | D:14     | Reached skill level 10 in Shields
 34133 | D:14     | Killed Rupert
 34227 | D:14     | Found a gate to the Vaults.
 34227 | D:14     | Found a flagged portal.
 34236 | Bailey   | Entered a bailey
 34341 | Bailey   | Found a burning altar of Makhleb.
 34411 | D:14     | Reached skill level 11 in Shields
 34765 | D:14     | Found Ecisoy's General Store.
 34990 | D:14     | Noticed Nessos
 34992 | D:14     | Killed Nessos
 35230 | D:15     | Entered Level 15 of the Dungeon
 35247 | D:15     | Reached skill level 12 in Shields
 35687 | D:15     | Found Qied's Antique Armour Shoppe.
 35824 | D:15     | Found a transporter.
 35827 | D:15     | Noticed Fudaum's ghost (journeyman DrCj)
 35829 | D:15     | Found a transporter.
 35994 | D:15     | Reached XP level 17. HP: 117/117 MP: 20/29
 36072 | D:15     | Found a staircase to the Depths.
 36643 | Shoals:1 | Entered Level 1 of the Shoals
 36912 | Shoals:1 | Reached skill level 13 in Shields
 37078 | Shoals:1 | Offered knowledge of Iron Shot by Vehumet.
 37619 | Spider:1 | Entered Level 1 of the Spider Nest
 37984 | Spider:1 | Reached skill level 14 in Shields
 39868 | Spider:2 | Noticed Donald
 39868 | Spider:2 | Noticed Arachne
 40278 | Spider:2 | Acquired the Collected Works on the Rocks
 40371 | Spider:2 | Found the +5 robe of Night {Dark Will+ SInv}
 40599 | Spider:2 | Noticed Aizul
 40609 | Spider:2 | Killed Aizul
 40610 | Spider:2 | Reached skill level 15 in Shields
 40883 | Spider:2 | Noticed Kirke
 40887 | Spider:2 | Killed Kirke
 40888 | Spider:2 | Reached skill level 10 in Spellcasting
 40982 | Spider:2 | Offered knowledge of Irradiate by Vehumet.
 42095 | Spider:3 | Reached XP level 18. HP: 124/124 MP: 19/32
 42831 | Spider:3 | Noticed Nikola
 42840 | Spider:3 | Killed Nikola
 43123 | Spider:3 | Identified the +1 scale mail "Danumm" {Harm}
 43140 | Spider:4 | Entered Level 4 of the Spider Nest
 43153 | Spider:4 | Offered knowledge of Freezing Cloud by Vehumet.
 44314 | Spider:4 | Reached ****** piety under Vehumet
 44496 | Spider:4 | Offered knowledge of Chain Lightning by Vehumet.
 44641 | Spider:4 | Slain by a hornet

Illustrated notes

Levels and vault maps discovered:
D:1:      dpeg_arrival_prison, layout_loops_ring
D:2:      layout_rooms, basic_ecumenical_altar, grunt_ministairs_14,
          amcnicky_mini_corridor_feature, minmay_ruptured, uniq_terence
D:3:      layout_loops_corners, grunt_temple_overflow_lords_of_destruction,
          general_overflow_altar, led_xom_imps, minitemple, nrook_mini_vaults,
          kennysheep_generic_room_15, uniq_grinder, uniq_jessica
D:4:      layout_rooms, minmay_temple_entry_drinking_statues,
          nicolae_ossuary_entry_giza
D:5:      layout_loops_cross, uniq_ijyb
D:6:      layout_cave_pods, nicolae_gozag_cash_rules_everything_around_me
D:7:      layout_basic
D:8:      layout_rooms, dk_noncrumbling_3, eino_tiny_chamber,
          hangedman_decor_clover_reticule, kennysheep_boxes
D:9:      layout_stronghold, kennysheep_generic_room_3, uniq_prince_ribbit1
D:10:     layout_gridville, amcnicky_altar_gilded, due_lair_maze_entry_diamond,
          hex_large
D:11:     layout_cross, uniq_nergalle, uniq_snorg
D:12:     layout_loops_ring, david_orc_1_choice, serial_shops, shop_statue
D:13:     layout_stronghold, nicolae_sif_muna_little_library, uniq_erolcha,
          uniq_frances
D:14:     layout_roguey, david_vaults_2, serial_shops, shop, enter_bailey_6,
          uniq_nessos, uniq_rupert
D:15:     grunt_enter_depths_snipers, layout_basic, serial_shops, shop,
          serial_rivers, chequers_serial_rivers_micro_e,
          chequers_serial_rivers_micro_d, chequers_serial_rivers_micro_a,
          chequers_serial_rivers_micro_e, chequers_serial_rivers_micro_b,
          gammafunk_ghost_mausoleum
Lair:1:   layout_chaotic_city
Lair:2:   layout_roguey, eino_house_with_fridge
Lair:3:   wander_river, layout_chaotic_city, elwin_shoals_entry_stream
Lair:4:   layout_regular_city, spider_nest_entry_rubble,
          nicolae_quartered_pool_medium
Lair:5:   layout_gridlike
Lair:6:   gammafunk_lair_ancient_temple, layout_small_grid,
          nicolae_slime_entry_slimehenge, roderic_batcave
Shoals:1: layout_shoals
Spider:1: layout_spider_delve, special_room [special_room_bee]
Spider:2: layout_chambers, uniq_aizul, uniq_donald, uniq_arachne, uniq_kirke
Spider:3: layout_spider_delve, uniq_nikola
Spider:4: spider_rune_water
Orc:1:    layout_diamond_mine, serial_shops, shop_coins
Orc:2:    pf_orc_diabolical, layout_caves, serial_shops,
          nicolae_shop_window_shopping

Skill      XL: |  1  2  3  4  5  6  7  8  9 10 11 12 13 14 15 16 17 18 |
---------------+-------------------------------------------------------+-----
Earth Magic    | 4 5 6 7 8 10 11 14 | 14.7
Spellcasting   | 3 4 7 8 10 | 10.0
Conjurations   | 1 3 5 6 |  6.0
Dodging        | 3 6 9 10 11 | 11.0
Fire Magic     | 2 4 8 11 13 14 | 14.3
Poison Magic   | 8 |  8.0
Fighting       | 1 7 10 11 | 11.0
Shields        | 6 12 15 | 15.0
Stealth        | |  2.6
Transmutations | |  1.0

Action                   |  1- 3 |  4- 6 |  7- 9 | 10-12 | 13-15 | 16-18 || total
-------------------------+-------+-------+-------+-------+-------+-------++-------
Melee: Unarmed           |    36 |       |       |       |       |       ||    36
       Constrict         |    21 |     8 |     5 |       |     2 |     3 ||    39
       Tentacles         |    17 |     9 |     7 |       |     1 |    15 ||    49
       Dagger            |    39 |    27 |     1 |       |       |       ||    67
       Staff             |       |       |     6 |     1 |     6 |    54 ||    67
 Cast: Sandblast         |    19 |    39 |    61 |    18 |    11 |     6 ||   154
       Stone Arrow       |       |       |   104 |   170 |   149 |   114 ||   537
       Lee's Rapid Decon |       |       |     1 |    13 |    34 |    73 ||   121
       Olgreb's Toxic Ra |       |       |       |    27 |    33 |   130 ||   190
       Ignite Poison     |       |       |       |     9 |    20 |    66 ||    95
       Bolt of Magma     |       |       |       |       |    65 |   141 ||   206
       Ignition          |       |       |       |       |       |    34 ||    34
Evoke: Wand              |       |       |       |     1 |       |     2 ||     3
  Use: Scroll            |       |       |    12 |     5 |    20 |     4 ||    41
       Potion            |       |       |       |       |     1 |     4 ||     5
 Stab: Sleeping          |    11 |     2 |       |       |       |       ||    13
       Distracted        |     1 |       |       |       |       |       ||     1
Armor: Skin              |     8 |       |       |     3 |     6 |    36 ||    53
Dodge: Dodged            |    48 |    32 |    19 |    84 |    63 |   232 ||   478
Block: Buckler           |       |       |       |       |     3 |    47 ||    50
       Reflection        |       |       |       |       |       |    24 ||    24
       Kite shield       |       |       |       |       |       |   221 ||   221

Table legend: (Time is in decaauts)
 A = Elapsed time spent in this place.
 B = Non-inter-level travel time spent in this place.
 C = Inter-level travel time spent in this place.
 D = Time resting spent in this place.
 E = Time spent auto-exploring this place.
 F = Levels seen in this place.
 G = Mean time per level.
                   A        B        C        D        E       F      G
               +--------+--------+--------+--------+--------+-----+--------+
         Total |  44726 |  42739 |   1987 |   4277 |  33410 |  30 | 1490.9 |
       Dungeon |  20471 |  19148 |   1323 |   1372 |  15878 |  15 | 1364.7 |
          Lair |  13256 |  12766 |    490 |   1586 |   9829 |   6 | 2209.3 |
        Shoals |    391 |    391 |      0 |      0 |    275 |   1 |  391.0 |
   Spider Nest |   5695 |   5630 |     65 |    953 |   3801 |   4 | 1423.8 |
  Orcish Mines |   4206 |   4099 |    107 |    329 |   3102 |   2 | 2103.0 |
       Ossuary |    533 |    533 |      0 |     37 |    404 |   1 |  533.0 |
        Bailey |    172 |    172 |      0 |      0 |    121 |   1 |  172.0 |
               +--------+--------+--------+--------+--------+-----+--------+

Top non-repeatable levels by time:
   Orc:2: 3014 daAuts
  Lair:6: 2791 daAuts
  Lair:4: 2597 daAuts
  Lair:5: 2505 daAuts
Spider:2: 2258 daAuts
  Lair:3: 1955 daAuts
Spider:3: 1916 daAuts
    D:10: 1883 daAuts
     D:9: 1841 daAuts
  Lair:2: 1727 daAuts
  Lair:1: 1678 daAuts
    D:12: 1576 daAuts
    D:13: 1526 daAuts
     D:7: 1522 daAuts
     D:6: 1472 daAuts
